 Dungeon Crawl Stone Soup version 0.30-a0-377-g5cb311bc9f (webtiles) character file.

Game seed: 14662572860922685438

306 stonewall the Slasher (level 6, -3/37 HPs)
             Began as a Tengu Cinder Acolyte on Nov 29, 2022.
             Was a High Priest of Ignis.
             Slain by a gnoll
             ... wielding a +0 flail
              (6 damage)
             ... on level 5 of the Dungeon.
             The game lasted 00:07:59 (3299 turns).

stonewall the Slasher (Tengu Cinder Acolyte)        Turns: 3299, Time: 00:07:59

Health: -3/37      AC:  3    Str: 14    XL:     6   Next: 39%
Magic:  4/8        EV: 14    Int: 16    God:    Ignis [*****.]
Gold:   280        SH:  0    Dex: 10    Spells: 6/8 levels left

rFire   . . .      SeeInvis .    a - +0 falchion (flame)
rCold   . . .      Faith    .    (no shield)
rNeg    . . .      Spirit   .    d - +0 leather armour
rPois   .          Reflect  .    (helmet restricted)
rElec   .          Harm     .    (no cloak)
rCorr   .          Rampage  .    (no gloves)
Will    .....                    (boots unavailable)
Stlth   +.........               (no amulet)
HPRegen 0.26/turn                (no ring)
MPRegen 0.11/turn                (no ring)

@: flying quickly and evasively, quick
A: beak, talons 3, nimble flight, low MP 1, heat vulnerability 1
a: Renounce Religion, Fiery Armour, Foxfire Swarm, Rising Flame


You were on level 5 of the Dungeon.
You worshipped Ignis.
Ignis was extremely pleased with you.
You visited 1 branch of the dungeon, and saw 5 of its levels.
You also visited: Sewer.

You collected 280 gold pieces.

Inventory:

Hand Weapons
 a - a +0 falchion of flaming (weapon)
Missiles
 c - a throwing net
 l - 2 silver boomerangs (quivered)
Armour
 b - a +0 robe
 d - a +0 leather armour (worn)
Jewellery
 g - a ring of protection from fire
Scrolls
 f - 4 scrolls of blinking
 j - a scroll of identify
 k - a scroll of poison
 p - 3 scrolls of teleportation
Potions
 e - 2 potions of ambrosia
 h - a potion of cancellation {unknown}
 i - 2 potions of curing {unknown}
 m - a potion of haste
 n - a potion of flight {unknown}
 o - a potion of lignification {unknown}
 q - a potion of magic {unknown}


   Skills:
 - Level 3.0 Fighting
 * Level 6.5 Long Blades
 + Level 2.2 Dodging
 - Level 1.7 Spellcasting
 - Level 3.8 Fire Magic


You had 6 spell levels left.
You knew the following spells:

 Your Spells              Type           Power      Damage    Failure   Level
a - Scorch                Fire           26%        2d6       9%          2

Your spell library contained the following spells:

 Spells                   Type           Power      Damage    Failure   Level
 Apportation              Tloc           2%         N/A       26%         1
 Necrotise                Necr           4%         1d4       26%         1
 Summon Small Mammal      Summ           4%         N/A       26%         1
 Hailstorm                Conj/Ice       1%         3d3       63%         3
 Ice Form                 Ice/Tmut       1%         N/A       95%         4
 Simulacrum               Ice/Necr       0%         N/A       100%        6


Dungeon Overview and Level Annotations

Branches:
Dungeon (5/15)              Sewer (visited)
 Temple: D:4-7

Altars:


Innate Abilities, Weirdness & Mutations

You have a beak for a mouth.
You have claws for feet.
Your magical nature lets you fly swiftly and evasively.
Your magical capacity is low. (-10% MP)
You are vulnerable to heat. (rF-)


Message History

The orc is almost dead.
The orc's fire resistance burns away.
* * * LOW MAGIC WARNING * * *
The orc barely misses you.
The orc wizard gestures wildly while chanting.
The orc wizard flickers and vanishes!
Deactivating autopickup; reactivate with Ctrl-A.
You closely miss the orc. You claw the orc.
You kill the orc!
Something barely misses you.
A gnoll comes into view. It is wielding a +0 flail.
You closely miss the gnoll. Something hits you.
The gnoll hits you with a +0 flail.
* * * LOW HITPOINT WARNING * * *
You are too injured to fight recklessly!
You are too injured to fight recklessly!
You closely miss something. You claw something.
Something hits you but does no damage. The gnoll closely misses you.
You closely miss something. Your kick misses something. Something hits you.
* * * LOW HITPOINT WARNING * * *
The gnoll barely misses you.
You hit something but do no damage. You peck something.
You hear some strange, mumbled words.
Something tries to affect you, but you resist.
The gnoll closely misses you.
You closely miss something. Your kick misses something.
Your peck misses something. The gnoll hits you with a +0 flail!
* * * LOW HITPOINT WARNING * * *
Something hits you.
* * * LOW HITPOINT WARNING * * *
You miss something. Your kick misses something. You peck something.
Something hits you.
* * * LOW HITPOINT WARNING * * *
The gnoll closely misses you.
You miss something. Your kick misses something.
Unknown command.
You hit something. You burn something.
Reactivating autopickup.
You feel a bit more experienced. The gnoll hits you with a +0 flail.
You die...

#..#.# .##.# .# #.....
..... .# #.#. .##.##.#
..# #..# #.#.##o##..###
#..# #............#
#..###..# #..#....#
#.#.....# #......!#
#.####..###†)......
#####........@#...:....
#.<..........)g........
#.########.........>...
#.# #.#.###....... #.#
#.#.# ......# #.# ..#.#
......# #.# ####.#
....... #.# #.# ..#.#..
#.# #.# .#


You could see a gnoll.

Vanquished Creatures
  A wight (D:4)
  2 hounds
  An iguana (D:3)
  An orc wizard (D:5)
  6 adders
  2 river rats (Sewer)
  An ufetubus (D:3)
  4 worms
  2 dart slugs
  7 orcs
  8 bats
  6 endoplasms
  2 giant cockroaches
  5 goblins
  4 hobgoblins
  5 kobolds
  3 quokkas
  2 ball pythons (D:1)
  12 frilled lizards
  8 rats
82 creatures vanquished.

Vanquished Creatures (others)
  4 plants (D:1)
4 creatures vanquished.

Grand Total: 86 creatures vanquished

Notes
Turn   | Place    | Note
-------+----------+-------------------------------------------
     0 | D:1      | stonewall the Tengu Cinder Acolyte began the quest for the
                  | Orb.
     0 | D:1      | Reached XP level 1. HP: 14/14 MP: 3/3
   142 | D:1      | Reached XP level 2. HP: 18/19 MP: 4/4
   166 | D:1      | Reached skill level 4 in Long Blades
   403 | D:1      | Learned a level 2 spell: Scorch
   580 | D:1      | Reached XP level 3. HP: 21/23 MP: 5/5
  1506 | D:3      | Reached skill level 5 in Long Blades
  1506 | D:3      | Reached XP level 4. HP: 28/28 MP: 1/7
  1602 | D:3      | Found a glowing drain.
  1628 | Sewer    | Entered a sewer
  1785 | Sewer    | Gained mutation: Your magical nature lets you fly swiftly
                  | and evasively. [Tengu growth]
  1785 | Sewer    | Reached XP level 5. HP: 4/32 MP: 0/8
  2459 | D:3      | Reached skill level 1 in Dodging
  2786 | D:3      | Found a faded altar of an unknown god.
  2955 | D:3      | Gained mutation: You are weak. (Str -2) [potion of
                  | mutation]
  2955 | D:3      | Gained mutation: You are clumsy. (Dex -2) [potion of
                  | mutation]
  2956 | D:3      | Lost mutation: You are weak. (Str -2) [potion of mutation]
  2956 | D:3      | Lost mutation: You are clumsy. (Dex -2) [potion of
                  | mutation]
  2956 | D:3      | Gained mutation: Your magical capacity is low. (-10% MP)
                  | [potion of mutation]
  2956 | D:3      | Gained mutation: You are vulnerable to heat. (rF-) [potion
                  | of mutation]
  3040 | D:4      | Reached skill level 6 in Long Blades
  3178 | D:4      | Reached XP level 6. HP: 23/37 MP: 0/8
  3189 | D:5      | Entered Level 5 of the Dungeon
  3299 | D:5      | Slain by a gnoll

Illustrated notes

Levels and vault maps discovered:
D:1:      tarquinn_simple_flora_water_c, layout_rooms, serial_glass,
          glass_columns_b, glass_columns_c, glass_columns_b, glass_columns_a,
          glass_columns_b, glass_columns_b, glass_columns_c, glass_columns_c,
          corexii_item_surrounded_by_moat, nrook_uturn, chequers_garden,
          minmay_tall_x
D:2:      layout_loops_ring, hangedman_glass_teeth
D:3:      layout_basic, nicolae_ecumenical_lake_church,
          cheibrodos_sewer_entry_bend, hex_tiny, minmay_quantized
D:4:      layout_loops_corners, grunt_temple_overflow_bloody_war
D:5:      layout_loops_ring, mainiacjoe_overflow_large_starburst,
          minmay_temple_entry_drinking_statues, minmay_manual_moon,
          uniq_crazy_yiuf_cottage, uniq_blork_the_orc

Skill      XL: |  1  2  3  4  5 |
---------------+----------------+-----
Long Blades    | 4 5 6 |  6.5
Dodging        | 2 |  2.2
Fighting       | |  3.0
Spellcasting   | |  1.7
Fire Magic     | |  3.8

Action                   |  1- 3 |  4- 6 || total
-------------------------+-------+-------++-------
Melee: Falchion          |    68 |    77 ||   145
       Kick              |    16 |    11 ||    27
       Peck              |     7 |     3 ||    10
Throw: Boomerang         |     1 |     1 ||     2
 Cast: Scorch            |     6 |    22 ||    28
  Use: Scroll            |       |    12 ||    12
       Potion            |       |     3 ||     3
 Stab: Sleeping          |     1 |       ||     1
Armor: Robe              |    13 |     6 ||    19
       Leather armour    |       |     3 ||     3
Dodge: Dodged            |    49 |    57 ||   106

Table legend: (Time is in decaauts)
 A = Elapsed time spent in this place.
 B = Non-inter-level travel time spent in this place.
 C = Inter-level travel time spent in this place.
 D = Time resting spent in this place.
 E = Time spent auto-exploring this place.
 F = Levels seen in this place.
 G = Mean time per level.
                   A        B        C        D        E       F      G
               +--------+--------+--------+--------+--------+-----+--------+
         Total |   3200 |   2999 |    201 |     72 |   2334 |   6 |  533.3 |
       Dungeon |   2661 |   2460 |    201 |      5 |   1973 |   5 |  532.2 |
         Sewer |    539 |    539 |      0 |     67 |    361 |   1 |  539.0 |
               +--------+--------+--------+--------+--------+-----+--------+

Top non-repeatable levels by time:
     D:1: 817 daAuts
     D:3: 803 daAuts
     D:2: 753 daAuts
   Sewer: 539 daAuts
     D:4: 179 daAuts
     D:5: 106 daAuts
